 Dungeon Crawl Stone Soup version 0.20-a0-270-g8e735b6 (webtiles) character file.

102085 4thArraOfDagon the Severer (level 15, 0/100 HPs)
             Began as a Mummy Berserker on Dec 9, 2016.
             Was an Elder of Trog.
             Collided with a tree (31 damage)
             ... caused by a deep elf mage
             ... on level 1 of the Elven Halls.
             The game lasted 01:35:04 (18656 turns).

4thArraOfDagon the Severer (Mummy Berserker)       Turns: 18656, Time: 01:35:05

Health: 0/100      AC: 28    Str: 28    XL:     15   Next: 85%
Magic:  20/20      EV: 16    Int: 10    God:    Trog [****..]
Gold:   412        SH:  0    Dex: 17    Spells: 14/14 levels left

rFire  + + .     SeeInvis .     D - +7 bardiche of Regicide {speed, rElec rF+ Str+2 Dex+5}
rCold  + + +     Gourm    .     V - +4 plate armour
rNeg   + + +     Faith    .     (shield currently unavailable)
rPois  ∞         Spirit   .     i - +1 helmet
rElec  +         Reflect  .     I - +1 cloak of Starlight {rElec rC+ EV+4 Stlth--}
rCorr  .         Harm     .     R - +2 pair of gloves {archery}
MR     +++..                    b - +0 pair of boots
Stlth  ..........               U - amulet "Vufu" {*Drain rF++ rC++ Regen+}
                                t - ring "Cisop" {Wiz *Slow Str+3 Slay+2}
                                N - +3 ring of evasion

@: liquid flames, regenerating, glowing
A: no food or potions, fire vulnerability, cold resistance 1, negative energy
resistance 3, torment resistance, unbreathing, in touch with death 1
a: Trog's Hand, Brothers in Arms, Burn Spellbooks, Renounce Religion


You were on level 1 of the Elven Halls.
You worshipped Trog.
Trog was greatly pleased with you.
You were not hungry.

You visited 5 branches of the dungeon, and saw 25 of its levels.
You also visited: Labyrinth.

You collected 2019 gold pieces.
You spent 1607 gold pieces at shops.

Inventory:

Hand Weapons
 D - the +7 bardiche of Regicide (weapon) {speed, rElec rF+ Str+2 Dex+5}
   (Trog gifted it to you on level 15 of the Dungeon)

   Attacks with this weapon are significantly faster.
   It affects your strength (+2).
   It affects your dexterity (+5).
   It protects you from fire.
   It insulates you from electricity.
Missiles
 C - 2 steel javelins (quivered)
Armour
 b - a +0 pair of boots (worn)
 i - a +1 helmet (worn)
 I - the +1 cloak of Starlight (worn) {rElec rC+ EV+4 Stlth--}
   (You found it in a labyrinth)

   It affects your evasion (+4).
   It protects you from cold.
   It insulates you from electricity.
   It makes you much less stealthy.
 R - a +2 pair of gloves of archery (worn)
 V - a +4 plate armour (worn)
Rods
 J - a +3 rod of clouds (10/10)
   (You found it in a labyrinth)
 K - a +1 rod of clouds (13/13)
   (You found it in a labyrinth)
Jewellery
 t - the ring "Cisop" (right hand) {Wiz *Slow Str+3 Slay+2}
   (You bought it in a shop on level 1 of the Elven Halls)

   [ring of wizardry]

   It improves your spell success rate.
   It affects your strength (+3).
   It affects your accuracy and damage with ranged weapons and melee attacks
   (+2).
   It may slow you when you take damage.
 F - an uncursed ring of protection from magic
 M - an uncursed ring of resist corrosion
 N - a +3 ring of evasion (left hand)
 U - the amulet "Vufu" (around neck) {*Drain rF++ rC++ Regen+}
   (You bought it in a shop on level 1 of the Elven Halls)

   [amulet of regeneration]

   It greatly protects you from fire.
   It greatly protects you from cold.
   It increases your rate of regeneration.
   It causes draining when unequipped.
Wands
 a - a wand of enslavement (14/24)
 c - a wand of digging (8/24)
 e - a wand of disintegration (13/24)
 f - a wand of confusion (0/48)
 g - a wand of teleportation (4/9)
 j - a wand of digging (9/24)
 m - a wand of lightning (2/15)
 n - a wand of enslavement (12/24)
 o - a wand of teleportation (1/9)
 p - a wand of confusion (30/48)
 v - a wand of lightning (12/15)
 w - a wand of teleportation (5/9)
 x - a wand of paralysis (17/24)
 B - a wand of lightning (9/15)
 E - a wand of lightning (0/15)
 H - a wand of confusion (12/48)
 T - a wand of acid (8/15)
 X - a wand of iceblast (5/15)
 Z - a wand of slowing (26/48)
Scrolls
 d - 2 scrolls of enchant armour
 h - 4 scrolls of blinking
 k - 4 scrolls of remove curse
 l - 2 scrolls of recharging
 q - 7 scrolls of fear
 r - 2 scrolls of magic mapping
 u - 3 scrolls of identify
 S - 2 scrolls of enchant weapon
 W - 6 scrolls of teleportation
Books
 z - a book of the Dragon

   Spells                             Type                      Level
   a - Flame Tongue                   Conjuration/Fire             1
   b - Cause Fear                     Hexes                        4
   c - Bolt of Fire                   Conjuration/Fire             6
   d - Dragon Form                    Transmutation                7
   e - Dragon's Call                  Summoning                    9
   Trog disapproves of the use of such an item.
 G - the Collected Works on Fire and Moulding
   (You found it on level 6 of the Lair of Beasts)

   Spells                             Type                      Level
   a - Ice Form                       Ice/Transmutation            4
   b - Irradiate                      Conjuration/Transmutation    5
   c - Alistair's Intoxication        Transmutation/Poison         5
   d - Bolt of Fire                   Conjuration/Fire             6
   Trog disapproves of the use of such an item.
 O - a book of Enchantments

   Spells                             Type                      Level
   a - Cause Fear                     Hexes                        4
   b - Yara's Violent Unravelling     Hexes/Transmutation          5
   c - Silence                        Hexes/Air                    5
   d - Deflect Missiles               Charms/Air                   6
   e - Discord                        Hexes                        8
   Trog disapproves of the use of such an item.
 Y - a book of Maledictions

   Spells                             Type                      Level
   a - Corona                         Hexes                        1
   b - Ensorcelled Hibernation        Hexes/Ice                    2
   c - Confuse                        Hexes                        3
   d - Tukima's Dance                 Hexes                        3
   e - Dazzling Spray                 Conjuration/Hexes            3
   Trog disapproves of the use of such an item.
Miscellaneous
 s - a fan of gales
 y - a box of beasts
 L - a phantom mirror
 P - a disc of storms
 Q - a phial of floods


   Skills:
 - Level 4.0 Fighting
   Level 15.6(17.1) Axes
 * Level 12.4(15.5) Polearms
 - Level 10.0 Armour
 + Level 2.6 Dodging
   Level 5.1 Shields
 - Level 7.1 Evocations


You had 14 spell levels left.
You didn't know any spells.

Dungeon Overview and Level Annotations

Branches:
Dungeon (15/15)            Temple (0/1) D:6            Lair (6/6) D:10
  Snake (0/4) Lair:2        Slime (0/5) Lair:6          Orc (2/2) D:12
    Elf (1/3) Orc:2        Vaults (0/5) D:14         Depths (1/5) D:15
  Swamp: Lair:2-4    Shoals: Lair:2-4

Altars:
Dithmenos
The Shining One

Shops:
D:5 *   D:8 :   D:11 *   D:14 :   Orc:2 *%(:   Elf:1 =}=

Portals:
Pandemonium: Orc:2

Annotations:
D:4 snakesoul's ghost, amateur DEIE
D:6 XO4YCPATb's ghost, novice TrHu
D:7 bear's ghost, novice DECj
D:8 Erica
D:11 Gastronok
Lair:6 exclusion: oklob plant


Innate Abilities, Weirdness & Mutations

You do not eat or drink.
Your flesh is vulnerable to fire.
You are immune to poison.
Your flesh is cold resistant. (rC+)
You are immune to negative energy. (rN+++)
You are immune to unholy pain and torment.
You can survive without breathing.
You are in touch with the powers of death.


Message History

You are covered in liquid flames!
Your ogre hits the deep elf mage with a giant spiked club!
The deep elf high priest starts to sing a prayer.
The deep elf high priest hits you but does no damage.
The deep elf mage misses you.
The deep elf mage points at you and mumbles some strange words.
The magic dart hits you!
Unknown command.
You slice the deep elf high priest!!
The deep elf high priest is severely wounded.
You are covered in liquid flames!
Your ogre hits the deep elf mage with a giant spiked club!
The deep elf high priest hits you but does no damage.
The deep elf mage casts a spell.
The deep elf mage blinks!
The deep elf mage points at you and mumbles some strange words.
The lance of force hits you!
You are knocked back by the lance of force.
You slam into the tree!
You die...

...!...# .......#
...)...# ##......#
.....(## #####.......#
.....## #)..........#
#.(.## ##)##........#
##.## ####...####.....#
##'# ##....*Oeee##.)..#
#.# #.......§...#....#
##.# #..##'''##@.#./..#
#..# #♣##...)e##♣#....#
...# #[...)# #....# #..#
≈##[.?## #....# #..#
#≈≈§##}##§≈ #....# #''##
##≈≈≈###≈≈≈##....#
....## #≈≈≈≈≈≈≈≈≈#..)..#
)....#############.....#
......## ######.......#


You could see a deep elf high priest, 2 deep elf magi, a battlesphere and a
friendly ogre (berserk).

Vanquished Creatures
  The ghost of Ijustatesigmund the Severer, a journeyman HOMo of Cheibriados (Orc:2)
  A minotaur (Lab)
  A fire dragon (Lair:6)
  4 ogre magi
  A rakshasa (D:15)
  A hydra (D:15)
  3 centaur warriors
  A catoblepas (Lair:3)
  5 dancing weapons
  A tengu warrior (D:14)
  A death yak (Lair:6)
  9 orc high priests
  4 deep elf knights (Elf:1)
  6 skeletal warriors
  A glowing orange brain (D:15)
  6 unseen horrors
  2 infernal demonspawn (Orc:2)
  3 deep elf archers (Elf:1)
  A gelid demonspawn (Orc:2)
  A torturous demonspawn (Orc:2)
  2 hill giants (D:13)
  A lindwurm (Lair:6)
  A harpy (shapeshifter) (D:15)
  18 deep elf magi
  A wolf spider zombie (D:11)
  Pikel (D:9)
  5 orc knights (Orc:2)
  3 orc sorcerers (Orc:2)
  2 manticores
  6 ugly things
  3 cyclopes
  10 elephants
  6 black mambas
  2 gargoyles
  12 spiny frogs
  2 rime drakes (Lair:6)
  6 komodo dragons
  2 efreet (D:15)
  3 kobold demonologists
  A hellwing (Orc:2)
  2 red devils (Orc:2)
  7 trolls
  3 meliai (D:14)
  3 polar bears
  12 blink frogs
  10 two-headed ogres
  A hornet (shapeshifter) (D:14)
  A hornet (D:7)
  5 slime creatures
  3 dream sheep (Lair:6)
  8 hippogriffs
  24 yaks
  3 spriggans
  3 wyverns
  3 basilisks
  A water elemental (Elf:1)
  A human (D:8)
  2 wraiths
  A tarantella (shapeshifter) (D:15)
  2 steam dragons (Lair:6)
  4 vampire mosquitoes
  A hungry ghost (D:15)
  A fire elemental (Elf:1)
  4 hogs (D:8)
  A chaos spawn (Orc:2)
  2 neqoxecs (Orc:2)
  4 wargs
  2 nagas (Lair:2)
  6 water moccasins
  4 acid dragons
  4 porcupines
  2 swamp drakes
  A floating eye (shapeshifter) (D:15)
  2 ice beasts
  5 sky beasts
  2 slaves
  44 orc warriors
  3 black bears
  A tengu (shapeshifter) (D:15)
  2 eyes of draining
  22 ogres
  25 wolves
  A phantom (D:14)
  12 centaurs
  7 crocodiles
  12 bullfrogs
  4 big kobolds
  An earth elemental (Elf:1)
  A gnoll sergeant (D:9)
  A wyvern zombie (D:11)
  A wyvern skeleton (D:14)
  6 scorpions
  A hornet simulacrum (D:14)
  3 howler monkeys (D:8)
  6 crimson imps
  6 centaur zombies
  2 quasits
  A bullfrog zombie (D:6)
  5 hounds
  A bullfrog skeleton (D:9)
  20 jellies
  34 orc priests
  5 centaur skeletons
  6 iguanas
  20 orc wizards
  6 worker ants
  Terence (D:2)
  A killer bee zombie (D:7)
  A hound zombie (D:7)
  2 hound skeletons
  A worker ant zombie (D:11)
  14 gnolls
  7 adders
  A shadow imp (D:9)
  An ooze (D:4)
  An adder skeleton (D:5)
  3 worms
  A dart slug (D:1)
  3 leopard geckos
  81 orcs
  4 giant cockroaches
  7 goblins
  7 hobgoblins
  9 jackals
  22 kobolds
  6 quokkas
  9 bats
  6 frilled lizards
  A leopard gecko skeleton (D:4)
  A leopard gecko zombie (D:9)
  7 rats
  2 fungi
  A plant (Lair:5)
739 creatures vanquished.

Vanquished Creatures (collateral kills)
  Harold (D:11)
  3 hydras
  2 death yaks (Lair:6)
  2 skeletal warriors (D:15)
  A swamp dragon (Lair:6)
  A black mamba (Lair:3)
  A rime drake (Lair:6)
  3 slime creatures (D:15)
  A dream sheep (Lair:6)
  A wraith (D:15)
  A water moccasin (Lair:3)
  An orc warrior (Orc:2)
  An orc priest (Orc:2)
  An iguana (D:11)
  2 orcs (Orc:2)
22 creatures vanquished.

Vanquished Creatures (others)
  An unseen horror (shapeshifter) (D:15)
  A slave (D:9)
  An orc priest (D:9)
  An iguana (Lair:6)
  A gnoll (D:9)
  An orc (D:9)
  13 fungi
  2 plants (D:10)
  5 toadstools (D:1)
26 creatures vanquished.

Grand Total: 787 creatures vanquished

Notes
Turn   | Place    | Note
-------+----------+-------------------------------------------
     0 | D:1      | 4thArraOfDagon the Mummy Berserker began the quest for the Orb.
     0 | D:1      | Reached XP level 1. HP: 18/18 MP: 1/1
    91 | D:1      | Reached XP level 2. HP: 16/24 MP: 2/2
   327 | D:2      | Reached ** piety under Trog
   366 | D:2      | Noticed Terence
   386 | D:2      | Killed Terence
   386 | D:2      | Reached skill level 3 in Axes
   386 | D:2      | Reached XP level 3. HP: 12/29 MP: 3/3
   830 | D:3      | Reached XP level 4. HP: 32/35 MP: 4/4
  1006 | D:3      | Found a glowing golden altar of the Shining One.
  1268 | D:5      | Entered Level 5 of the Dungeon
  1676 | D:4      | Noticed snakesoul's ghost (amateur DEIE)
  1812 | D:4      | Reached XP level 5. HP: 40/42 MP: 5/5
  1815 | D:4      | Noticed an ogre
  1899 | D:5      | Reached skill level 4 in Axes
  1959 | D:5      | Found Itwor's Assorted Antiques.
  1962 | D:5      | Bought a fluorescent wand for 80 gold pieces
  1962 | D:5      | Bought a scroll labeled RITTITR PINER for 20 gold pieces
  2139 | D:5      | murphy: hi
  2164 | D:5      | 4thArraOfDagon: hiii
  2169 | D:5      | murphy: did u ever see pedritolo playing?
  2173 | D:5      | Reached XP level 6. HP: 46/48 MP: 6/6
  2283 | D:5      | murphy: he won a XL 9 char
  2283 | D:5      | 4thArraOfDagon: ah yeah he is amazing
  2283 | D:5      | murphy: he is trying for highscore 15 runes now
  2283 | D:5      | murphy: goal is to win <15k turns
  2283 | D:5      | 4thArraOfDagon: with spriggan i suppose?
  2287 | D:5      | murphy: he has a lot of interesting ideas
  2296 | D:5      | murphy: yes
  2299 | D:5      | Reached skill level 5 in Axes
  2305 | D:5      | murphy: spriggan
  2346 | D:5      | murphy: have u every tried to do 3 runes speedrunning?
  2405 | D:5      | Noticed a sky beast
  2418 | D:5      | murphy: this seems like no man's land
  2420 | D:5      | Killed a sky beast
  2420 | D:5      | Reached XP level 7. HP: 28/54 MP: 7/7
  2623 | D:5      | murphy: the record is 9,5 k tunrs
  2697 | D:6      | Noticed XO4YCPATb's ghost (novice TrHu)
  2755 | D:5      | murphy: but charley played 13k turns during the last tourney
  2816 | D:6      | murphy: and this is the 7th best of all times
  2821 | D:6      | murphy: already
  2862 | D:6      | 4thArraOfDagon: this is golden age of speedrunning I guess?
  2871 | D:6      | Found a staircase to the Ecumenical Temple.
  2904 | D:6      | murphy: maybe
  2943 | D:6      | murphy: or it is the golden age of crawl
  3019 | D:7      | Noticed a hippogriff
  3028 | D:7      | murphy: never been so many players as in the last tourney
  3073 | D:7      | Killed a hippogriff
  3073 | D:7      | Reached skill level 6 in Axes
  3096 | D:7      | Identified a scroll of acquirement
  3108 | D:7      | Got a pair of distressingly furry gloves
  3109 | D:7      | Identified the +0 pair of gloves of Baleofe {rElec rPois rF- SInv} (You acquired it on level 7 of the Dungeon)
  3130 | D:7      | Noticed a hornet
  3132 | D:7      | murphy: i have no clue how i would do a 3 runes speedrun yet
  3153 | D:7      | murphy: i tried with VsMo of chei
  3156 | D:7      | Killed a hornet
  3156 | D:7      | Reached XP level 8. HP: 56/60 MP: 8/8
  3268 | D:7      | Reached skill level 5 in Armour
  3281 | D:7      | murphy: but seems Vs got nerfed from 0.18 to 0.19
  3283 | D:7      | Reached skill level 7 in Axes
  3450 | D:7      | Noticed bear's ghost (novice DECj)
  3450 | D:7      | murphy: hey Sapher
  3503 | D:7      | murphy: do u have any tips for 3 runes speedruns?
  3615 | D:7      | murphy: u have the 2nd and 3rd place
  3630 | D:7      | Sapher: DDGl or MiBe
  3667 | D:8      | Sapher: DD is a bit better i guess
  3709 | D:8      | murphy: why DDGl?
  3732 | D:8      | murphy: why not Fi
  3733 | D:8      | Sapher: nets
  3754 | D:7      | Sapher: they help a lot
  3754 | D:7      | murphy: oh
  3767 | D:8      | murphy: so nets beat might?
  3785 | D:8      | Reached skill level 8 in Axes
  3791 | D:8      | Reached XP level 9. HP: 51/65 MP: 9/9
  3803 | D:8      | murphy: and shield?
  3827 | D:8      | Sapher: well, it doednt matter that much
  3888 | D:8      | murphy: and u take axes?
  3890 | D:8      | Sapher: DDfi is also fine
  3961 | D:8      | Sapher: yea, axes
  4098 | D:8      | Sapher: without a shield
  4361 | D:8      | murphy: wait u saying u play fi but don't use the shield?
  4423 | D:8      | Found Coohojeu's Book Emporium.
  4437 | D:8      | Sapher: no
  4439 | D:8      | murphy: at least not early on?
  4491 | D:8      | Noticed Erica
  4493 | D:8      | RIPP?
  4494 | D:8      | Sapher: shields are bad for turncount
  4499 | D:8      | murphy: ok i see
  4573 | D:8      | Reached skill level 9 in Axes
  4592 | D:9      | murphy: there are only 2 wins below 10k turns
  4595 | D:8      | murphy: one is from u
  4605 | D:8      | murphy: with MiBe
  4640 | D:9      | Noticed Pikel
  4640 | D:9      | murphy: how did u do that?
  4679 | D:9      | murphy: i mean Mi is strong
  4685 | D:10     | Entered Level 10 of the Dungeon
  4686 | D:10     | murphy: but still
  4696 | D:10     | Sapher: that is not that hard
  4724 | D:10     | Sapher: berserk is op
  4755 | D:10     | Noticed a gargoyle
  4765 | D:10     | Sapher: mi is easier
  4770 | D:10     | Sapher: because it can not die
  4771 | D:10     | murphy: yes but u will still take a lot of dmg
  4792 | D:9      | Sapher: but DD can be faster
  4886 | D:9      | murphy: yes i found that dungeon awareness quite useful
  5001 | D:9      | murphy: and ofc the good other abilities and wand
  5076 | D:9      | murphy: i was toying around with the idea to use a summoning char
  5079 | D:9      | Killed Pikel
  5093 | D:9      | murphy: like yedremul
  5130 | D:9      | murphy: to kill things faster turnwise
  5218 | D:9      | Sapher: nah, i dont believe in mages
  5233 | D:9      | Sapher: DD is the best
  5248 | D:9      | Sapher: even for 15 runes
  5288 | D:9      | murphy: actaully i was doing this with DD
  5359 | D:9      | murphy: yedremul gives animate dead
  5372 | D:9      | murphy: and followers
  5372 | D:9      | Reached skill level 10 in Axes
  5372 | D:9      | Reached XP level 10. HP: 64/71 MP: 10/10
  5379 | D:9      | Sapher: but for 3 runer Mi is also good
  5384 | D:9      | murphy: so i have summones
  5403 | D:9      | Sapher: Mi needs less luck
  5445 | D:9      | murphy: i have trouble to not waste turns trying to get my first rune
  5462 | D:9      | murphy: this is when i feel weakest
  5583 | D:10     | Sapher: it is always hard during speedruns
  5625 | D:10     | Sapher: 3 runer can be done much faster
  5643 | D:10     | Sapher: you just have to get vamp exec axe ^_^
  5674 | D:10     | murphy: i do NEED that?
  5685 | D:10     | murphy: or can it be donw without?
  5686 | D:10     | Killed an unseen horror
  5686 | D:10     | Reached skill level 1 in Evocations
  5689 | D:10     | Sapher: no, but it would help a lot
  5866 | D:10     | murphy: we had a crazy speedrunning idea : follow lugono until u find jivya
  5875 | D:10     | Sapher: i dont even remember what weapon i used for a 3 runer
  5907 | D:11     | murphy: then get slime and abyssal rune
  5922 | D:10     | Sapher: nah
  5935 | D:10     | Sapher: it wont work
  5936 | D:10     | murphy: and last the demonic rune
  5967 | D:10     | murphy: this would be a crazy game
  5995 | D:10     | Sapher: when you are prepared getting a rune is 500 turns
  6046 | D:10     | Sapher: so why even bother with an extra rune
  6054 | D:10     | Found a glowing golden altar of the Shining One.
  6057 | D:10     | Sapher: and be weaker
  6100 | D:10     | murphy: who talked about extra rune
  6110 | D:10     | murphy: it would be 3
  6119 | D:10     | murphy: the 3 fastest runes
  6159 | D:10     | murphy: slime , abyss, demonic
  6195 | D:10     | murphy: but only in theory ;)
  6219 | D:10     | Sapher: nah
  6240 | D:10     | murphy: one in a million games
  6309 | D:10     | murphy: it's more of a joke
  6326 | D:11     | Noticed Harold
  6496 | D:9      | Noticed a deep elf mage
  6508 | D:9      | Killed a deep elf mage
  6649 | D:10     | Killed a gargoyle
  6649 | D:10     | Reached skill level 11 in Axes
  6656 | D:10     | Found a staircase to the Lair.
  6665 | Lair:1   | Entered Level 1 of the Lair of Beasts
  6708 | Lair:2   | Found a staircase to the Snake Pit.
  6728 | Lair:2   | Reached *** piety under Trog
  6844 | Lair:1   | Got a wavering bronze amulet
  6845 | Lair:1   | Identified the amulet of Miexzu {Inacc rN+} (You found it on level 1 of the Lair of Beasts)
  6853 | Lair:1   | Noticed a spiny frog
  6879 | Lair:1   | Killed a spiny frog
  7102 | Lair:2   | Reached XP level 11. HP: 45/77 MP: 13/13
  7198 | Lair:3   | Found a labyrinth entrance.
  7207 | Lab      | Entered a labyrinth
  7228 | Lab      | murphy: !hs * MuBe
  7228 | Lab      | beem: 7669. mooon the Slayer (L27 MuBe of Makhleb), escaped with the Orb and 15 runes on 2015-03-22 08:30:55, with 27884753 points after 53375 turns and 6:52:06.
  7437 | Lab      | Noticed a minotaur
  7457 | Lab      | Killed a minotaur
  7475 | Lab      | Got a coiled lead ring
  7478 | Lab      | Identified a +3 rod of clouds (10/10) (You found it in a labyrinth)
  7479 | Lab      | Identified a +1 rod of clouds (13/13) (You found it in a labyrinth)
  7499 | Lab      | Identified the ring "Hogrilull" {*Tele *Corrode rElec rPois rN+++} (You found it in a labyrinth)
  7515 | Lab      | Got a warped ring mail
  7518 | Lab      | Identified the +2 ring mail "Arrol" {*Corrode rElec rPois} (You found it in a labyrinth)
  7635 | Lair:3   | Noticed a catoblepas
  8158 | Lair:2   | Reached skill level 12 in Axes
  8516 | Lair:1   | Found a shadowy altar of Dithmenos.
  8736 | D:11     | Noticed Gastronok
  8781 | D:10     | Reached skill level 1 in Shields
  9353 | D:11     | Found Shutom's Superlative Supplies.
  9431 | D:10     | You fall through a shaft!
  9622 | D:12     | Reached **** piety under Trog
  9712 | D:12     | Reached XP level 12. HP: 77/83 MP: 14/14
  9727 | D:12     | murphy: do u have any evo?
  9895 | D:12     | Found a staircase to the Orcish Mines.
  9905 | Orc:1    | Entered Level 1 of the Orcish Mines
 10251 | Orc:1    | Noticed an orc high priest
 10284 | Orc:1    | Killed an orc high priest
 10515 | Orc:1    | Reached skill level 13 in Axes
 10564 | Orc:1    | Reached ***** piety under Trog
 10689 | Orc:2    | Entered Level 2 of the Orcish Mines
 10690 | Orc:2    | Noticed Ijustatesigmund's ghost (journeyman HOMo)
 10813 | Orc:2    | Killed Ijustatesigmund's ghost
 10813 | Orc:2    | Reached skill level 5 in Shields
 10836 | Orc:2    | Found a staircase to the Elven Halls.
 11423 | Orc:2    | murphy: hi les
 11437 | Orc:2    | Leszczynek: hi
 11678 | Orc:2    | Found Duddet's Food Boutique.
 11860 | Orc:2    | Found Xefot's General Store.
 11911 | Orc:2    | Reached skill level 10 in Armour
 12131 | Orc:2    | Received a gift from Trog
 12224 | Orc:2    | Noticed an orc high priest
 12249 | Orc:2    | Killed an orc high priest
 12261 | Orc:2    | Noticed an orc high priest
 12273 | Orc:2    | Killed an orc high priest
 12283 | Orc:2    | Noticed an orc high priest
 12295 | Orc:2    | Killed an orc high priest
 12325 | Orc:2    | Reached skill level 14 in Axes
 12325 | Orc:2    | Gained mutation: You are in touch with the powers of death. [Mummy growth]
 12325 | Orc:2    | Reached XP level 13. HP: 38/88 MP: 5/16
 12410 | Orc:2    | Turgon: Oh! Welcome back to crawl!
 12498 | Orc:2    | murphy: hi turgon
 12498 | Orc:2    | 4thArraOfDagon: im not back :(
 12519 | Orc:2    | Turgon: Hi murphy
 12541 | Orc:2    | Turgon: Why are you not back, 4thArra?
 12759 | Orc:2    | Reached skill level 5 in Evocations
 12900 | Orc:2    | Found Beuschan's Book Emporium.
 12900 | Orc:2    | Found a one-way gate leading to the halls of Pandemonium.
 12900 | Orc:2    | Found Giefif's Antique Weapon Shoppe.
 13190 | D:12     | Leszczynek: what's this armor? nice stats for this point in the game
 13219 | D:12     | Turgon: +4 plate
 13240 | D:12     | Leszczynek: cloak of starlight already
 13240 | D:12     | Leszczynek: neat
 13283 | D:13     | 4thArraOfDagon: @Turgon
 13283 | D:13     | 4thArraOfDagon: I won't return to this game because I don't want to
 13283 | D:13     | Turgon: ?
 13283 | D:13     | Turgon: You are playing already
 13283 | D:13     | 4thArraOfDagon: yea but this out of boredom
 13283 | D:13     | 4thArraOfDagon: possibly last game in this year
 13667 | D:13     | Reached skill level 15 in Axes
 13803 | D:14     | Found Eddamoq's Book Boutique.
 13855 | D:14     | murphy: is there any way the game/the players could change so u would enjoy crawl again?
 13909 | D:14     | 4thArraOfDagon: I can't enjoy this game anymore
 13909 | D:14     | 4thArraOfDagon: it's mostly because of what this game done to my life
 13909 | D:14     | 4thArraOfDagon: I lost possibly one of best years of my life 25-30
 13909 | D:14     | 4thArraOfDagon: I still have life to live but can't help when youre addict
 14198 | D:15     | Entered Level 15 of the Dungeon
 14322 | D:15     | Received a gift from Trog
 14405 | D:15     | Reached XP level 14. HP: 94/95 MP: 6/19
 14533 | D:15     | Received a gift from Trog
 14570 | D:15     | Identified the +7 bardiche of Regicide {speed, rElec rF+ Str+2 Dex+5} (Trog gifted it to you on level 15 of the Dungeon)
 14642 | D:14     | Reached skill level 1 in Polearms
 14725 | D:14     | Found a gate to the Vaults.
 15126 | D:15     | Reached skill level 5 in Polearms
 15196 | D:15     | Found a staircase to the Depths.
 15204 | Depths:1 | Entered Level 1 of the Depths
 15715 | D:11     | Killed Harold
 16347 | Lair:5   | Reached XP level 15. HP: 21/100 MP: 20/20
 16617 | Lair:6   | Entered Level 6 of the Lair of Beasts
 16672 | Lair:6   | Found a staircase to the Slime Pits.
 16980 | Lair:6   | Reached skill level 10 in Polearms
 17210 | Lair:6   | Received a gift from Trog
 17330 | Lair:6   | Identified the Collected Works on Fire and Moulding
 17950 | Elf:1    | Entered Level 1 of the Elven Halls
 18324 | Elf:1    | Found Wuridghehupt's Gadget Emporium.
 18337 | Elf:1    | Found Ycol's Jewellery Shop.
 18337 | Elf:1    | Found Myiran's Jewellery Shop.
 18348 | Elf:1    | Bought the amulet "Vufu" {*Drain rF++ rC++ Regen+} for 730 gold pieces
 18349 | Elf:1    | Bought the ring "Cisop" {Wiz *Slow Str+3 Slay+2} for 507 gold pieces
 18355 | Elf:1    | Bought a wand of teleportation (5/9) for 270 gold pieces
 18656 | Elf:1    | Collided with a tree

Vault maps used:
D:1:      ldierk_walled_garden
D:2:      first_bread, nicolae_ru_sacrificial_ziggurat, uniq_terence
D:3:      tso_altar
D:4:      hangedman_decor_opposing
D:5:      serial_shops, kennysheep_mini_moat
D:8:      serial_shops, shop, grunt_livestock, uniq_erica
D:9:      uniq_pikel
D:10:     grunt_lair_entry_orc_guard_hut, basic_altar,
          kennysheep_generic_room_14
D:11:     nicolae_zen_rock_garden, roderic_greek_sauvastika,
          nicolae_alphabet_shops, uniq_gastronok, uniq_harold
D:12:     orc_0_dummy
D:13:     st_stairs_8
D:14:     erik_vaults_1, serial_shops, shop_fountains
D:15:     gammafunk_enter_depths_forms
Lair:1:   basic_altar
Lair:2:   guppyfry_snake_entry_garden, forest_entry_grove, grunt_megastairs_2,
          lemuel_fruit_tree
Lair:3:   lab_entry_generic
Lair:4:   minmay_swamp_entry_eels, grunt_forest_stairs_clearing,
          serial_bayou_shore_b, serial_bayou_shore_b
Lair:6:   guppyfry_lair_end_dragon, hangedman_lair_in_review,
          minmay_slime_entry_jelly_boxes
Orc:1:    mines_bat_river
Orc:2:    pf_orc_diabolical
Elf:1:    eino_elf_arrival_customs, kennysheep_underground_church,
          minmay_shop_grove, uniq_frances
Depths:1: enter_ziggurat_c, rand_demon_pan_entry_3, pf_dread_powers_of_hell,
          nicolae_ashenzari_panopticon, spider_trap, cheibriados_altar_1,
          grunt_megastairs_1, minmay_shop_star
Lab:      labyrinth_hidden_loot, nicolae_lab_swirl, labyrinth_skeletal_remains

Skill      XL: |  1  2  3  4  5  6  7  8  9 10 11 12 13 14 15 |
---------------+----------------------------------------------+-----
Armour         | 2 3 4 5 7 8 9 10 | 10.0
Axes           | 3 4 5 6 8 10 11 12 14 15 | 15.6
Fighting       | 4 |  4.0
Evocations     | 3 4 6 7 |  7.1
Shields        | 3 5 |  5.1
Polearms       | 9 12 | 12.4
Dodging        | 2 |  2.6

Action                   |  1- 3 |  4- 6 |  7- 9 | 10-12 | 13-15 || total
-------------------------+-------+-------+-------+-------+-------++-------
Melee: Hand axe          |   123 |    13 |   253 |  1504 |       ||  1893
       Battleaxe         |       |    74 |   138 |    50 |       ||   262
       War axe           |       |   195 |   211 |   160 |       ||   566
       Broad axe         |       |       |       |    94 |   518 ||   612
       Bardiche          |       |       |       |       |   960 ||   960
Throw: Throwing net      |       |       |       |     3 |       ||     3
Invok: Trog's Hand       |     2 |     9 |    14 |    15 |    32 ||    72
       Brothers in Arms  |       |       |       |     1 |    11 ||    12
Evoke: Wand              |       |     6 |    28 |    68 |     8 ||   110
       Box of beasts     |       |       |       |     3 |     1 ||     4
       Rod               |       |       |       |    11 |    17 ||    28
       Phial of floods   |       |       |       |       |     1 ||     1
  Use: Scroll            |       |     7 |     7 |    12 |    12 ||    38
 Stab: Sleeping          |     2 |       |       |       |       ||     2
       Confused          |       |     1 |     6 |    24 |     6 ||    37
       Held in net/web   |       |       |       |     1 |       ||     1
Armor: Animal skin       |    14 |       |       |       |       ||    14
       Scale mail        |    29 |    16 |       |       |       ||    45
       Plate armour      |       |   267 |   459 |   784 |   727 ||  2237
Dodge: Dodged            |   101 |   112 |   223 |   769 |   822 ||  2027
Block: Buckler           |       |       |       |   237 |   120 ||   357
